Map: 16-Bit LE

Players

Rcclyder - Winner!

  • Race: Zerg Zerg
  • Spawn Location: 7:00

Mac

  • Race: Terran Terran
  • League: Diamond
  • Spawn Location: 1:00

VOD

Have the link to the VOD?

Description

Time

  • Played on: July 27, 2018, 8:26 p.m.
  • Length: 9:45
Show
View Real Time Build Order
Export as new Build Order

Rcclyder Zerg - Winner!

Build Orders: Hatch First 

Get SALT Encoding   

  12  0:00  Drone  
  13  0:12  Overlord  
  13  0:18  Drone  
  14  0:31  Drone x2  
  16  0:41  Drone  
  17  0:47  Drone  
  18  0:59  Hatchery  
  18  1:01  Drone  
  18  1:06  Drone  
  19  1:20  Spawning Pool  
  19  1:22  Drone  
  19  1:28  Drone  
  19  1:31  Extractor  
  19  1:38  Overlord  
  19  1:50  Drone  
  20  2:04  Drone  
  20  2:08  Queen  
  21  2:14  Queen  
  24  2:18  Zergling x2  
  24  2:19  Zergling x2  
  26  2:23  Drone x2  
  28  2:34  Drone x2  
  30  2:43  Drone  
  31  2:44  Drone  
  32  2:53  Queen  
  32  2:54  Queen  
  32  2:55  Overlord  
  36  3:03  Drone, Roach Warren  
  36  3:08  Metabolic Boost  
  37  3:20  Drone x5  
  37  3:24  Overlord  
  39  4:09  Drone x6  
  47  4:10  Drone x6, Hatchery  
  47  4:12  Extractor  
  49  4:18  Extractor  
  48  4:46  Roach  
  48  4:47  Roach  
  48  4:48  Overlord x2  
  52  4:53  Overlord x2  
  52  4:59  Overlord x2  
  52  5:09  Roach  
  52  5:10  Roach x5  
  52  5:12  Roach x2  
  68  5:21  Drone  
  68  5:22  Drone x2  
  68  5:25  Roach  
  68  5:26  Roach  
  75  5:31  Zergling x2  
  75  5:35  Roach x3  
  82  5:42  Ravager  
  84  5:43  Ravager x2  
  84  5:47  Zergling x16  
  89  6:15  Drone x3  
  89  6:16  Zergling x12  
  89  6:17  Zergling x2  
  99  6:22  Zergling x2  
  99  6:23  Zergling x6  
  103  6:30  Roach  
  93  6:55  Roach x6  
  93  6:58  Overlord x6  
  105  7:03  Queen  
  106  7:17  Zergling x10  
  106  7:18  Zergling x6  
  109  7:26  Zergling x4  
  105  7:43  Zergling x14  
  108  7:55  Zergling x8  
  111  8:01  Roach  
  93  8:27  Zergling x2  
  93  8:28  Zergling x22  
  93  8:33  Zergling x2  
  98  8:43  Zergling x6  
  97  8:52  Zergling x4  
  97  8:53  Zergling x2  
  87  9:10  Zergling x2  
  87  9:11  Zergling x4  
  90  9:21  Zergling x10  
  90  9:22  Zergling x6  
  94  9:27  Zergling x2  
Show
View Real Time Build Order
Export as new Build Order

Mac Terran 

Build Orders: Reaper Expand, MMM Bio 

Get SALT Encoding   

  12  0:01  SCV  
  13  0:13  SCV  
  14  0:18  Supply Depot  
  14  0:25  SCV  
  15  0:39  Refinery, SCV  
  16  0:46  Barracks  
  16  0:53  SCV  
  17  1:05  SCV  
  18  1:18  SCV  
  19  1:33  Orbital Command  
  19  1:34  Reaper  
  20  1:49  Command Center  
  20  1:58  SCV  
  21  2:11  SCV  
  21  2:12  Barracks Reactor  
  22  2:20  Factory  
  22  2:21  Supply Depot  
  21  2:27  Barracks  
  21  2:35  SCV  
  22  2:39  Refinery  
  22  2:47  SCV  
  22  2:50  Marine x2  
  25  2:59  SCV  
  25  3:04  Factory Tech Lab  
  26  3:07  Factory Reactor  
  26  3:09  Orbital Command  
  26  3:24  Barracks Reactor, Starport  
  26  3:25  Barracks Tech Lab  
  26  3:27  Marine  
  26  3:28  SCV, Marine  
  29  3:37  Engineering Bay  
  29  3:40  SCV  
  31  3:41  SCV  
  31  3:44  Marine  
  32  3:53  SCV  
  33  4:08  Marine x2, SCV x2  
  33  4:09  Marine  
  38  4:15  Terran Infantry Weapons Level 1  
  38  4:17  Supply Depot  
  38  4:18  Stimpack  
  38  4:20  Medivac  
  40  4:25  SCV  
  40  4:26  Marine x2, SCV  
  44  4:32  Factory Tech Lab  
  44  4:33  Marine  
  44  4:38  SCV  
  46  4:39  SCV  
  46  4:44  Marine x2  
  49  4:48  Supply Depot  
  49  4:50  Supply Depot  
  49  4:51  Siege Tank, Marine  
  53  4:58  SCV  
  54  5:05  Refinery  
  54  5:07  Refinery  
  54  5:09  Medivac, SCV, Marine  
  54  5:10  SCV  
  59  5:14  Supply Depot  
  59  5:21  SCV  
  59  5:22  SCV  
  59  5:26  Marine x2  
  59  5:27  Marine  
  64  5:30  Siege Tank  
  64  5:33  SCV  
  64  5:34  Supply Depot  
  67  5:44  Marine x2, SCV  
  67  5:45  Marine  
  67  5:46  SCV  
  72  6:02  Marine  
  72  6:11  SCV x2  
  72  6:18  Combat Shields, Terran Infantry Armor Level 1  
  74  6:23  SCV  
  75  6:27  Barracks x2, Medivac x2  
  77  6:54  SCV x2  
  77  6:58  Marine  
  77  6:59  Marine x2  
  82  7:06  SCV x2  
  83  7:16  Marine x3  
  83  7:18  SCV  
  85  7:55  SCV  
  86  8:06  Command Center  
  86  8:09  Marine  
  86  8:10  Marine  
  86  8:11  Marine, SCV x2  
  84  8:15  Marine x2  
  78  8:23  SCV  
  75  8:27  Marine  
  75  8:28  Marine  
  75  8:29  Marine  
  75  8:33  Marine  
  65  8:45  Marine x2  
  65  8:46  Siege Tank, Marine  
  60  8:54  Marine  
  60  8:55  Marine  
  56  9:03  Marine  
  56  9:04  Marine  
  51  9:12  Marine  
  52  9:21  Marauder  
  52  9:22  Marine  
Tags
 
Composition
MMM Bio
League
Diamond
Matchup
TvZ
Spawn Locations
Cross Positions
Add a new tag
Caveats
  • Supply blocks, unpowered buildings, or Contaminate may cause inaccurate times.
  • Supply counts are checked every 10 seconds.